MLB
CINCINNATI REDS @ ATLANTA BRAVES
05/18/2098
 
TOP OF THE 1ST
Cincinnati Reds batting - Pitching for Atlanta Braves : RHP Jorge Villalona
Pitching: RHP Jorge Villalona
Batting: LHB Jonathan Nelson 0-0: Foul Ball, location: 2F
0-1: Fly out, F8 (Flyball, 8LD, EV 90.6 MPH)
Batting: RHB Dave Truax 0-0: Ball
1-0: Called Strike
1-1: Foul Ball, location: 5SF
1-2: Ball
2-2: Ball
3-2: Foul Ball, location: 2F
3-2: Foul Ball, location: 5F
3-2: SINGLE (Line Drive, 89S, EV 90.6 MPH)
Batting: LHB Steve Carbone 0-0: Fielders Choice at 2nd, 3-6 (Groundball, 3, EV 86.9 MPH)
Batting: SHB Jamie Moore 0-0: Called Strike
0-1: Ball
1-1: Foul Ball, location: 2LF
1-2: Strikes out looking
Top of the 1st over - 0 runs, 1 hit, 0 errors, 1 left on base; Cincinnati 0 - Atlanta 0
BOTTOM OF THE 1ST
Atlanta Braves batting - Pitching for Cincinnati Reds : RHP Nick LeBoeuf
Pitching: RHP Nick LeBoeuf
Batting: LHB Jordan Montijo 0-0: Ball
1-0: Called Strike
1-1: DOUBLE (Line Drive, 89D, EV 102.5 MPH)
Batting: LHB Wade Ronsonet 0-0: Ball
1-0: Foul Ball, location: 3F
1-1: Ball
2-1: Fly out, F8 (Flyball, 8LM, EV 85.0 MPH)
Batting: RHB Ramon Carrion 0-0: Ball
1-0: Ball
2-0: Called Strike
2-1: Ball
3-1: Base on Balls
Batting: SHB Joe Richardson 0-0: Called Strike
0-1: Called Strike
0-2: Grounds into double play, 4-6-3 (Groundball, 4M, EV 81.3 MPH)
Bottom of the 1st over - 0 runs, 1 hit, 0 errors, 1 left on base; Cincinnati 0 - Atlanta 0
TOP OF THE 2ND
Cincinnati Reds batting - Pitching for Atlanta Braves : RHP Jorge Villalona
Batting: RHB Jesus Najera 0-0: Ball
1-0: Foul Ball, location: 7LSF
1-1: Ball
2-1: Foul Ball, location: 25F
2-2: Fly out, F3 (Popup, 3F, EV 80.6 MPH)
Batting: RHB Erik Schmidt 0-0: Foul Ball, location: 5SF
0-1: Ball
1-1: Foul Ball, location: 23F
1-2: SINGLE (Groundball, 6MS, EV 75.0 MPH) (infield hit)
Batting: RHB Tim Mercer 0-0: Ball
1-0: Ball
2-0: Ball
3-0: Base on Balls
Erik Schmidt to second
Batting: RHB Alfonso Tejeda 0-0: Swinging Strike
0-1: SINGLE (Groundball, 34D, EV 99.4 MPH)
Erik Schmidt to third
Tim Mercer to second
Runner from 3rd tries for Home, SAFE, throw by RF to home
Batting: RHB Earl Boivin 0-0: Ball
1-0: Called Strike
1-1: Called Strike
1-2: Fielders Choice at 2nd, 4-6 (Groundball, 4, EV 78.1 MPH)
Tim Mercer to third
Batting: LHB Jonathan Nelson 0-0: Ball
1-0: Foul Ball, location: 2F
1-1: Ball
2-1: Fly out, F8 (Flyball, 8LXD, EV 95.6 MPH)
Top of the 2nd over - 1 run, 2 hits, 0 errors, 2 left on base; Cincinnati 1 - Atlanta 0
BOTTOM OF THE 2ND
Atlanta Braves batting - Pitching for Cincinnati Reds : RHP Nick LeBoeuf
Batting: SHB Carlos Carballo 0-0: Ground out 6-3 (Groundball, 6S, EV 86.9 MPH)
Batting: RHB Adam Brading 0-0: Fly out, F4 (Popup, 34, EV 77.5 MPH)
Batting: RHB Antonio Mejia 0-0: SINGLE (Line Drive, 78S, EV 104.4 MPH)
Batting: LHB Felix Garza 0-0: Ground out 5-3 (Groundball, 56S, EV 83.8 MPH)
Bottom of the 2nd over - 0 runs, 1 hit, 0 errors, 1 left on base; Cincinnati 1 - Atlanta 0
TOP OF THE 3RD
Cincinnati Reds batting - Pitching for Atlanta Braves : RHP Jorge Villalona
Batting: RHB Dave Truax 0-0: Called Strike
0-1: SINGLE (Groundball, 6MD, EV 103.1 MPH)
Batting: LHB Steve Carbone Balk!
Dave Truax to second
0-0: Swinging Strike
0-1: Ball
1-1: Swinging Strike
1-2: Ball
2-2: Strikes out swinging
Batting: SHB Jamie Moore 0-0: Called Strike
0-1: Ball
1-1: Fly out, F9 (Flyball, 9S, EV 88.8 MPH)
Batting: RHB Jesus Najera 0-0: Ball
1-0: Called Strike
1-1: Ball
2-1: Ball
3-1: Base on Balls
Batting: RHB Erik Schmidt 0-0: Swinging Strike
0-1: Called Strike
0-2: Strikes out swinging
Top of the 3rd over - 0 runs, 1 hit, 0 errors, 2 left on base; Cincinnati 1 - Atlanta 0
BOTTOM OF THE 3RD
Atlanta Braves batting - Pitching for Cincinnati Reds : RHP Nick LeBoeuf
Batting: RHB Matt Varner 0-0: Ball
1-0: Foul Ball, location: 5FF
1-1: Foul Ball, location: 3SF
1-2: Ball
2-2: Ball
3-2: Strikes out looking
Batting: LHB Jordan Montijo 0-0: Ball
1-0: Ball
2-0: SINGLE (Groundball, 56S, EV 71.9 MPH) (infield hit)
Batting: LHB Wade Ronsonet 0-0: Ball
1-0: Sac Bunt to 13 - play at first, batter OUT! 1-3
Jordan Montijo to second
Batting: RHB Ramon Carrion 0-0: Called Strike
0-1: Foul Ball, location: 2F
0-2: Ball
1-2: Ball
2-2: Strikes out looking
Bottom of the 3rd over - 0 runs, 1 hit, 0 errors, 1 left on base; Cincinnati 1 - Atlanta 0
TOP OF THE 4TH
Cincinnati Reds batting - Pitching for Atlanta Braves : RHP Jorge Villalona
Batting: RHB Tim Mercer 0-0: Called Strike
0-1: Swinging Strike
0-2: Strikes out swinging
Batting: RHB Alfonso Tejeda 0-0: Foul Ball, location: 3F
0-1: Called Strike
0-2: Ball
1-2: Ball
2-2: Ball
3-2: Ground out 4-3 (Groundball, 4, EV 97.5 MPH)
Batting: RHB Earl Boivin 0-0: Called Strike
0-1: DOUBLE (Line Drive, 78D, EV 104.4 MPH)
Batting: LHB Jonathan Nelson 0-0: Called Strike
0-1: Called Strike
0-2: Strikes out swinging
Top of the 4th over - 0 runs, 1 hit, 0 errors, 1 left on base; Cincinnati 1 - Atlanta 0
BOTTOM OF THE 4TH
Atlanta Braves batting - Pitching for Cincinnati Reds : RHP Nick LeBoeuf
Batting: SHB Joe Richardson 0-0: DOUBLE (Line Drive, 78D, EV 108.8 MPH)
Batting: SHB Carlos Carballo 0-0: Ball
1-0: Foul Ball, location: 9LSF
1-1: Ball
2-1: Ball
3-1: Base on Balls
Pitching: RHP Josh Blackburn
Batting: RHB Adam Brading 0-0: Fly out, F3 (Popup, 34, EV 75.6 MPH)
Batting: RHB Antonio Mejia 0-0: Ball
1-0: Swinging Strike
1-1: Fly out, F8 (Flyball, 8RXD, EV 103.1 MPH)
Runner from 2nd tags up, SAFE at 3rd, no throw by CF
Batting: LHB Felix Garza 0-0: Called Strike
0-1: Ball
1-1: Foul Ball, location: 23FF
1-2: Ground out 4-3 (Groundball, 4, EV 81.9 MPH)
Bottom of the 4th over - 0 runs, 1 hit, 0 errors, 2 left on base; Cincinnati 1 - Atlanta 0
TOP OF THE 5TH
Cincinnati Reds batting - Pitching for Atlanta Braves : RHP Jorge Villalona
Batting: RHB Dave Truax 0-0: Foul Ball, location: 9LSF
0-1: Called Strike
0-2: Ball
1-2: Ball
2-2: Foul Ball, location: 9LDF
2-2: Foul Ball, location: 23FF
2-2: Ball
3-2: Fly out, F8 (Line Drive, 78D, EV 93.1 MPH)
Batting: LHB Steve Carbone 0-0: Ball
1-0: SINGLE (Line Drive, 89S, EV 109.4 MPH)
Batting: SHB Jamie Moore 0-0: Foul Ball, location: 2F
0-1: Foul Ball, location: 2F
0-2: Fielders Choice at 2nd, 3-6 (Groundball, 3, EV 88.1 MPH)
Batting: RHB Jesus Najera 0-0: Foul Ball, location: 2LF
0-1: Fielders Choice at 2nd, 5-4 (Groundball, 56D, EV 95.6 MPH)
Top of the 5th over - 0 runs, 1 hit, 0 errors, 1 left on base; Cincinnati 1 - Atlanta 0
BOTTOM OF THE 5TH
Atlanta Braves batting - Pitching for Cincinnati Reds : RHP Josh Blackburn
Batting: RHB Matt Varner 0-0: Called Strike
0-1: Foul Ball, location: 9LMF
0-2: Ground out 6-3 (Groundball, 6, EV 98.1 MPH)
Pitching: LHP C.J. Williams
Batting: LHB Jordan Montijo 0-0: Ball
1-0: Called Strike
1-1: Ball
2-1: SINGLE (Line Drive, 4D, EV 98.8 MPH)
Batting: LHB Wade Ronsonet 0-0: Foul Ball, location: 2F
0-1: Ball
1-1: Called Strike
1-2: Fielders Choice at 2nd, 5-4 (Groundball, 5, EV 86.9 MPH)
Batting: RHB Ramon Carrion 0-0: Ball
1-0: Ball
2-0: Ball
3-0: Called Strike
3-1: Foul Ball, location: 2F
3-2: SINGLE (Line Drive, 78S, EV 95.0 MPH)
Wade Ronsonet to second
Wade Ronsonet to third
Pitching: RHP Kerry Johnson
Batting: SHB Joe Richardson 0-0: Fly out, F9 (Flyball, 9, EV 76.9 MPH)
Bottom of the 5th over - 0 runs, 2 hits, 0 errors, 2 left on base; Cincinnati 1 - Atlanta 0
TOP OF THE 6TH
Cincinnati Reds batting - Pitching for Atlanta Braves : RHP Jorge Villalona
Batting: RHB Erik Schmidt 0-0: Ball
1-0: Called Strike
1-1: Foul Ball, location: 2F
1-2: Ball
2-2: SINGLE (Line Drive, 8LS, EV 104.4 MPH)
Batting: RHB Tim Mercer 0-0: Called Strike
Erik Schmidt steals 2nd base
0-1: Ball
1-1: Ball
2-1: Ball
3-1: Foul Ball, location: 5F
3-2: DOUBLE (Line Drive, 7LM, EV 105.0 MPH)
Erik Schmidt scores
Pitching: RHP Randy Clymer
Batting: RHB Alfonso Tejeda 0-0: Called Strike
0-1: Ground out 4-3 (Groundball, 4, EV 91.9 MPH)
Tim Mercer to third
Batting: RHB Earl Boivin 0-0: Called Strike
0-1: Swinging Strike
0-2: Strikes out looking
Batting: LHB Jonathan Nelson 0-0: Intentional Walk
Batting: RHB Dave Truax 0-0: Called Strike
0-1: Swinging Strike
0-2: Ball
1-2: Foul Ball, location: 2F
1-2: Ball
2-2: Ball
3-2: Base on Balls
Jonathan Nelson to second
Batting: LHB Steve Carbone 0-0: Called Strike
0-1: Ball
1-1: Ball
2-1: Foul Ball, location: 2F
2-2: Ball
3-2: Strikes out swinging
Top of the 6th over - 1 run, 2 hits, 0 errors, 3 left on base; Cincinnati 2 - Atlanta 0
BOTTOM OF THE 6TH
Atlanta Braves batting - Pitching for Cincinnati Reds : RHP Kerry Johnson
Batting: SHB Carlos Carballo 0-0: Swinging Strike
0-1: Foul Ball, location: 3FF
0-2: Ball
1-2: Ball
2-2: Foul Ball, location: 25F
2-2: Ball
3-2: SOLO HOME RUN (Flyball, 9LD, EV 95.6 MPH), Distance : 357 ft
Batting: RHB Adam Brading 0-0: Called Strike
0-1: Swinging Strike
0-2: Ball
1-2: Ball
2-2: Foul Ball, location: 3DF
2-2: Ball
3-2: SINGLE (Line Drive, 9LS, EV 97.5 MPH)
Batting: RHB Antonio Mejia 0-0: Fielders Choice at 2nd, 6-4 (Groundball, 6, EV 100.0 MPH)
Batting: LHB Felix Garza 0-0: Ball
1-0: Swinging Strike
1-1: Called Strike
1-2: Foul Ball, location: 2F
1-2: Ball
2-2: SINGLE (Line Drive, 4D, EV 61.3 MPH)
Antonio Mejia to second
Runner from 2nd tries for 3rd, SAFE, throw by CF made to third
Batting: RHB Matt Varner 0-0: Foul Ball, location: 2F
0-1: Foul Ball, location: 5DF
0-2: Strikes out swinging
Batting: LHB Jordan Montijo 0-0: Called Strike
0-1: Swinging Strike
0-2: Ball
1-2: Ground out 4-3 (Groundball, 4S, EV 83.1 MPH)
Bottom of the 6th over - 1 run, 3 hits, 0 errors, 2 left on base; Cincinnati 2 - Atlanta 1
TOP OF THE 7TH
Cincinnati Reds batting - Pitching for Atlanta Braves : RHP Randy Clymer
Batting: SHB Jamie Moore 0-0: Ground out 4-3 (Groundball, 4M, EV 101.9 MPH)
Batting: RHB Jesus Najera 0-0: Foul Ball, location: 5FF
0-1: Swinging Strike
0-2: Ball
1-2: Foul Ball, location: 5F
1-2: Ball
2-2: Ground out U3 (Groundball, 3, EV 78.8 MPH)
Batting: RHB Erik Schmidt 0-0: Ball
1-0: Ball
2-0: Ball
3-0: Fly out, F8 (Flyball, 8RD, EV 86.9 MPH)
Top of the 7th over - 0 runs, 0 hits, 0 errors, 0 left on base; Cincinnati 2 - Atlanta 1
BOTTOM OF THE 7TH
Atlanta Braves batting - Pitching for Cincinnati Reds : RHP Kerry Johnson
Pitching: LHP Matt Bell
Batting: LHB Wade Ronsonet 0-0: Ball
1-0: Ball
2-0: Called Strike
2-1: Foul Ball, location: 3DF
2-2: Strikes out swinging
Batting: RHB Ramon Carrion 0-0: Called Strike
0-1: Called Strike
0-2: Ball
1-2: SOLO HOME RUN (Flyball, 7D, EV 98.1 MPH), Distance : 377 ft
Batting: SHB Joe Richardson 0-0: Ball
1-0: Swinging Strike
1-1: Ball
2-1: Swinging Strike
2-2: Foul Ball, location: 9LSF
2-2: Ground out 4-3 (Groundball, 4, EV 101.3 MPH)
Batting: SHB Carlos Carballo 0-0: Ball
1-0: Foul Ball, location: 2F
1-1: Called Strike
1-2: Strikes out swinging
Bottom of the 7th over - 1 run, 1 hit, 0 errors, 0 left on base; Cincinnati 2 - Atlanta 2
TOP OF THE 8TH
Cincinnati Reds batting - Pitching for Atlanta Braves : RHP Randy Clymer
Pitching: RHP Burke Rohrabaugh
Batting: RHB Tim Mercer 0-0: Called Strike
0-1: Foul Ball, location: 2F
0-2: Ball
1-2: Ball
2-2: Ball
3-2: Strikes out swinging, 2-3 out at first.
Batting: RHB Alfonso Tejeda 0-0: Ball
1-0: Called Strike
1-1: Ground out 5-3 (Groundball, 56, EV 85.0 MPH)
Batting: RHB Earl Boivin 0-0: Swinging Strike
0-1: Ball
1-1: Fly out, F8 (Flyball, 8LM, EV 90.0 MPH)
Top of the 8th over - 0 runs, 0 hits, 0 errors, 0 left on base; Cincinnati 2 - Atlanta 2
BOTTOM OF THE 8TH
Atlanta Braves batting - Pitching for Cincinnati Reds : LHP Matt Bell
Pitching: RHP Mike Yates
Batting: RHB Adam Brading 0-0: Ball
1-0: Ball
2-0: Foul Ball, location: 25FF
2-1: Called Strike
2-2: Foul Ball, location: 9LMF
2-2: Foul Ball, location: 9LDF
2-2: Foul Ball, location: 5DF
2-2: Ball
3-2: Base on Balls
Batting: RHB Antonio Mejia 0-0: Called Strike
Adam Brading is caught stealing 2nd base 2-4
0-1: Called Strike
0-2: DOUBLE (Line Drive, 3D, EV 109.4 MPH)
Batting: LHB Felix Garza 0-0: Called Strike
0-1: Ball
1-1: Ground out 4-3 (Groundball, 4, EV 98.8 MPH)
Antonio Mejia to third
Batting: RHB Matt Varner 0-0: Ground out 5-3 (Groundball, 56S, EV 88.1 MPH)
Bottom of the 8th over - 0 runs, 1 hit, 0 errors, 1 left on base; Cincinnati 2 - Atlanta 2
TOP OF THE 9TH
Cincinnati Reds batting - Pitching for Atlanta Braves : RHP Burke Rohrabaugh
Batting: LHB Jonathan Nelson 0-0: Ball
1-0: Called Strike
1-1: Foul Ball, location: 2F
1-2: Foul Ball, location: 3SF
1-2: Strikes out swinging
Batting: RHB Dave Truax 0-0: Called Strike
0-1: Ball
1-1: Ball
2-1: Ball
3-1: Foul Ball, location: 3FF
3-2: SOLO HOME RUN (Flyball, 9D, EV 98.1 MPH), Distance : 376 ft
Batting: LHB Steve Carbone 0-0: Ball
1-0: Ball
2-0: Foul Ball, location: 3F
2-1: Swinging Strike
2-2: Strikes out swinging
Batting: SHB Jamie Moore 0-0: Foul Ball, location: 7LMF
0-1: Foul Ball, location: 7LMF
0-2: Ball
1-2: Ball
2-2: Strikes out swinging
Top of the 9th over - 1 run, 1 hit, 0 errors, 0 left on base; Cincinnati 3 - Atlanta 2
BOTTOM OF THE 9TH
Atlanta Braves batting - Pitching for Cincinnati Reds : RHP Mike Yates
Now at 2B: Eddie Enright
Now in RF: B.J. Illiano
Batting: LHB Jordan Montijo 0-0: Ball
1-0: Fly out, F5 (Line Drive, 5, EV 63.8 MPH)
Batting: LHB Wade Ronsonet 0-0: Called Strike
0-1: Foul Ball, location: 3F
0-2: Ball
1-2: Ball
2-2: SINGLE (Groundball, 34D, EV 101.9 MPH)
Batting: RHB Ramon Carrion 0-0: Ball
1-0: Called Strike
1-1: Foul Ball, location: 2F
1-2: Ball
2-2: Strikes out swinging
Wade Ronsonet steals 2nd base
Batter strikes out.
Pitching: LHP Paul Edler
Batting: SHB Joe Richardson 0-0: Called Strike
0-1: Ball
1-1: Swinging Strike
1-2: Strikes out looking
Bottom of the 9th over - 0 runs, 1 hit, 0 errors, 1 left on base; Cincinnati 3 - Atlanta 2
Thursday, April 4th , 2024 - OOTP Baseball 24.11 Build 85